 Dungeon Crawl Stone Soup version 0.23.2 (webtiles) character file.

Game seed: 14651856628141165417

23 Menchi the Sneak (level 3, 0/21 HPs)
             Began as a Kobold Assassin on Apr 10, 2019.
             Succumbed to an adder's poison
             ... on level 3 of the Dungeon.
             The game lasted 00:01:41 (579 turns).

Menchi the Sneak (Kobold Assassin)                   Turns: 579, Time: 00:01:41

Health: 0/21       AC:  3    Str:  9    XL:     3   Next: 10%
Magic:  3/3        EV: 14    Int: 12    God:
Gold:   82         SH:  0    Dex: 16    Spells: 2/2 levels left

rFire    . . .     SeeInvis .   a - +2 dagger
rCold    . . .     Gourm    .   (shield restricted)
rNeg     . . .     Faith    .   i - +0 robe (curse)
rPois    .         Spirit   .   (no helmet)
rElec    .         Reflect  .   d - +0 cloak
rCorr    .         Harm     .   (no gloves)
MR       .....                  (no boots)
Stlth    +++.......             (no amulet)
HPRegen  0.07/turn              (no ring)
MPRegen  0.08/turn              (no ring)

@: lethally poisoned (0 -> -11)
A: small, carnivore
a: no special abilities


You were on level 3 of the Dungeon.
You were not hungry.

You visited 1 branch of the dungeon, and saw 3 of its levels.

You collected 82 gold pieces.

Inventory:

Hand Weapons
 a - a +2 dagger (weapon)
 b - a +0 blowgun
Missiles
 e - 41 poisoned needles
 f - 2 curare-tipped needles
Armour
 c - a +0 robe
 d - a +0 cloak (worn)
 i - a cursed +0 robe (worn)
Scrolls
 j - a scroll of immolation {unknown}
 k - a scroll of blinking {unknown}
 m - a scroll of teleportation {unknown}
 o - a scroll of identify {unknown}
Potions
 h - a potion of degeneration {unknown}
 l - a potion of agility {unknown}
 n - a potion of invisibility {unknown}
Comestibles
 g - 5 rations


   Skills:
 - Level 2.1 Fighting
 * Level 3.1 Short Blades
 - Level 2.1 Throwing
 * Level 1.6 Dodging
 * Level 6.2 Stealth


You had 2 spell levels left.
You didn't know any spells.
Your spell library contained the following spells:

 Spells                   Type           Power        Failure   Level  Hunger
 Magic Dart               Conj           #...         32%         1    ##.....
 Blink                    Tloc           N/A          45%         2    ###....
 Call Imp                 Summ           #.......     45%         2    ###....
 Slow                     Hex            #.......     45%         2    ###....
 Conjure Flame            Conj/Fire      #.......     69%         3    ####...
 Mephitic Cloud           Conj/Pois/Air  #.......     69%         3    ####...


Dungeon Overview and Level Annotations

Branches:
Dungeon (3/15)

Altars:
Okawaru


Innate Abilities, Weirdness & Mutations

You are small and have problems with some larger weapons.
You are carnivorous and can eat meat at any time.


Message History

The adder is moderately wounded.
The frilled lizard hisses angrily.
The adder closely misses you. The hobgoblin closely misses you.
The goblin shouts!
You hit the adder but do no damage.
The adder is moderately wounded.
You feel sick. The adder bites you. The orc barely misses you.
The hobgoblin hits you with a +0 club. The orc completely misses you.
You hit the adder.
The adder is heavily wounded.
The adder bites you. The orc misses you. The adder bites you.
* * * LOW HITPOINT WARNING * * *
You are more poisoned.
The adder poisons you! The hobgoblin hits you with a +0 club.
* * * LOW HITPOINT WARNING * * *
You are too injured to fight recklessly!
Unknown command.
You hit the orc.
The orc is heavily wounded.
You die...

.....# ##
.##.#$.## ..
....... . ..... #.
#.#.# #
..###.##.#.##.#
......So......#
....l.o@...##.###.
......go..<.......
..#.#.......>.....
..........##.###.
...g.......# #
.......#....
..#.#..#..###
..#.#..#..# . ...


You could see an adder, 3 orcs, a hobgoblin, a goblin and a frilled lizard.

Vanquished Creatures
  An ooze (D:1)
  A dart slug (D:1)
  A ball python (D:2)
  3 bats
  A giant cockroach (D:2)
  3 hobgoblins
  A kobold (D:1)
  A goblin (D:2)
  3 rats
15 creatures vanquished.

Notes
Turn   | Place    | Note
-------+----------+-------------------------------------------
     0 | D:1      | Menchi the Kobold Assassin began the quest for the Orb.
     0 | D:1      | Reached XP level 1. HP: 12/12 MP: 1/1
   306 | D:1      | Reached XP level 2. HP: 5/17 MP: 2/2
   361 | D:1      | Reached skill level 6 in Stealth
   399 | D:2      | Found an iron altar of Okawaru.
   511 | D:2      | Reached XP level 3. HP: 17/21 MP: 3/3
   578 | D:3      | HP: 1/21 [hobgoblin/+0 club (3)]
   579 | D:3      | Succumbed to an adder's poison

Skill      XL: |  1  2 |
---------------+-------+-----
Short Blades   | 3 |  3.1
Stealth        | 6 |  6.2
Fighting       | |  2.1
Throwing       | |  2.1
Dodging        | |  1.6

Action                   || total
-------------------------++-------
Melee: Dagger            ||    59
 Stab: Sleeping          ||     7
  Eat: Chunk             ||     2
Armor: Robe              ||    13
Dodge: Dodged            ||    48
